 Dungeon Crawl Stone Soup version 0.31.0-11-ge490571c62 (webtiles) character file.

Game seed: 391208075642697880

967 SigmundSlayer the Slasher (level 7, -2/56 HPs)
             Began as a Demonspawn Gladiator on Feb 2, 2024.
             Was a Believer of Dithmenos.
             Slain by Duvessa
             ... wielding a +0 short sword
              (11 damage)
             ... on level 5 of the Dungeon.
             The game lasted 00:05:11 (3924 turns).

SigmundSlayer the Slasher (Demonspawn Gladiator)    Turns: 3924, Time: 00:05:12

Health: -2/56      AC:  9    Str: 14    XL:     7   Next: 93%
Magic:  7/7        EV: 14    Int:  9    God:    Dithmenos [**....]
Gold:   160        SH:  0    Dex: 16    Spells: 6/6 levels left

rFire   + . .        a - +0 long sword
rCold   + . .        (no shield)
rNeg    . . .        m - +2 leather armour {rC+}
rPois   .            c - +0 helmet
rElec   .            (no cloak)
rCorr   .            (no gloves)
SInv    .            (no boots)
Will    .....        o - amulet of faith
Stlth   ++           k - ring of protection from fire
HPRegen 0.29/turn    (no ring)
MPRegen 0.10/turn

%: faith
@: wreathed by umbra
A: slimy green scales 2, foul stench 1, condensation shield, demonic touch 2
a: Renounce Religion, Shadow Step


You were on level 5 of the Dungeon.
You worshipped Dithmenos.
Dithmenos was pleased with you.
You visited 1 branch of the dungeon, and saw 5 of its levels.

You collected 160 gold pieces.

Inventory:

Hand Weapons
 a - a +0 long sword (weapon)
Missiles
 d - 3 throwing nets (quivered)
 e - a javelin
Armour
 c - a +0 helmet (worn)
 m - a +2 leather armour of cold resistance (worn)
Jewellery
 f - an amulet of guardian spirit
 k - a ring of protection from fire (left hand)
 o - an amulet of faith (around neck)
Wands
 v - a wand of flame (13)
Scrolls
 b - 3 scrolls of teleportation
 g - 2 scrolls of vulnerability {unknown}
 i - 5 scrolls of identify {unknown}
 l - a scroll of fear {unknown}
 n - a scroll of silence {unknown}
 p - a scroll of poison {unknown}
 q - 2 scrolls of brand weapon {unknown}
 t - a scroll of torment {unknown}
Potions
 j - 2 potions of mutation {unknown}
 r - a potion of degeneration {unknown}
 s - a potion of might {unknown}
 u - a potion of enlightenment {unknown}


   Skills:
 + Level 5.0 Fighting
 + Level 5.0 Long Blades
 - Level 1.7 Throwing
 + Level 3.5 Armour
 + Level 5.0 Dodging


You had 6 spell levels left.
You didn't know any spells.
Your spell library contained the following spells:

 Spells                   Type           Power      Damage    Failure   Level
 Shock                    Conj/Air       0%         1d3       45%         1
 Sting                    Conj/Alch      0%         1d3       45%         1
 Lesser Beckoning         Tloc           0%         N/A       58%         2
 Mercury Vapours          Alch/Air       0%         N/A       58%         2
 Gell's Gravitas          Tloc           0%         N/A       83%         3
 Swiftness                Air            0%         N/A       83%         3
 Teleport Other           Tloc           0%         N/A       83%         3
 Airstrike                Air            0%         2d(0-16)  99%         4
 Olgreb's Toxic Radiance  Alch           0%         N/A       99%         4


Dungeon Overview and Level Annotations

Branches:
Dungeon (5/15)
 Temple: D:4-7

Altars:
Dithmenos
Fedhas
Makhleb
Sif Muna
Uskayaw

Annotations:
D:5 Duvessa


Innate Abilities, Weirdness & Mutations

You are mostly covered in slimy green scales. (AC +3)
You may rarely emit foul miasma when damaged in melee.
A meltable shield of frost defends you. (SH +0)
Your touch may inflict irresistible damage on your foes.


Message History

You miss Dowan.
Dowan is severely wounded.
You feel very sick.
Dowan hits you with a +2 dagger of venom.
You are more poisoned.
You hit Dowan. Your touch misses Dowan.
Dowan is almost dead.
You feel extremely sick. Dowan casts a spell at you.
The puff of flame hits you.
Your condensation shield dissipates!
You resist.
You feel better. Dowan completely misses you.
You closely miss Dowan.
Dowan is almost dead.
Duvessa misses you. Dowan hits you but does no damage.
You are poisoned.
Unknown command.
You feel sick.
You hit Dowan.
You kill Dowan!
Dithmenos accepts your kill.
Duvessa weeps, and shakes her weapon.
Duvessa goes berserk!
You feel sick.
Duvessa rages.
Your Dodging skill increases to level 5!
You hit Duvessa but do no damage.
You touch Duvessa!
Duvessa is moderately wounded.
You feel sick.
Duvessa hits you with a +0 short sword! x2
* * * LOW HITPOINT WARNING * * *
You feel better. Duvessa completely misses you. Duvessa misses you.
You slash Duvessa!
Duvessa is moderately wounded.
Duvessa closely misses you.
You hit Duvessa.
You touch Duvessa!
Duvessa is heavily wounded.
Duvessa hits you with a +0 short sword.
* * * LOW HITPOINT WARNING * * *
Duvessa hits you with a +0 short sword!
You die...

### # #.# .. #.# #. #.#
#. .. #.# #. #.
#.##.#########.##.###
#....................
#e# #....... #@#
###....... #.#
#......... ##.####.#####
#.#....... ............#
#.#.......
##.######.#.###.#.......
#.#..........###
#.#####..##### #.# ##.#
#....# #.#


You could see Duvessa (berserk).

Vanquished Creatures
  Grinder (D:4)
  An ice beast (D:5)
  An ogre (D:5)
  A phantom (D:4)
  A scorpion (D:5)
  Dowan (D:5)
  2 bombardier beetles (D:4)
  2 jellies
  2 hounds (D:5)
  2 iguanas
  3 gnolls (D:4)
  5 adders
  2 ufetubi (D:5)
  4 dart slugs
  A ribbon worm (D:3)
  4 orcs (D:4)
  8 ball pythons
  7 endoplasms
  5 giant cockroaches
  5 goblins (D:2)
  6 hobgoblins
  2 quokkas (D:4)
  9 bats
  7 frilled lizards
  2 kobolds (D:1)
  4 rats
88 creatures vanquished.

Notes
Turn   | Place    | Note
-------+----------+-------------------------------------------
     0 | D:1      | SigmundSlayer the Demonspawn Gladiator began the quest for
                  | the Orb.
     0 | D:1      | Reached XP level 1. HP: 16/16 MP: 1/1
   184 | D:1      | Noticed a golden eye
   186 | D:1      | Found a faded altar of an unknown god.
   187 | D:1      | Noticed a golden eye
   187 | D:1      | Noticed a great orb of eyes
   187 | D:1      | Noticed a golden eye
   297 | D:1      | Prayed at the altar of an unknown god.
   297 | D:1      | Became a worshipper of Dithmenos the Shadowed
   297 | D:1      | Reached * piety under Dithmenos
   408 | D:1      | Gained mutation: A meltable shield of frost defends you.
                  | (SH +0) [demonic ancestry]
   408 | D:1      | Reached XP level 2. HP: 22/22 MP: 0/2
   809 | D:2      | Gained mutation: You are partially covered in slimy green
                  | scales. (AC +2) [demonic ancestry]
   809 | D:2      | Reached XP level 3. HP: 21/28 MP: 1/3
  1115 | D:2      | Gained mutation: You may rarely emit foul miasma when
                  | damaged in melee. [demonic ancestry]
  1115 | D:2      | Reached XP level 4. HP: 27/35 MP: 2/4
  1717 | D:3      | Reached skill level 1 in Armour
  2237 | D:3      | Reached ** piety under Dithmenos
  2286 | D:3      | Found a hide-covered altar of Uskayaw.
  2708 | D:4      | Noticed Grinder
  2720 | D:4      | Paralysed by Grinder for 3 turns
  2725 | D:4      | Paralysed by Grinder for 2 turns
  2732 | D:4      | Killed Grinder
  2733 | D:4      | Gained mutation: You are mostly covered in slimy green
                  | scales. (AC +3) [demonic ancestry]
  2733 | D:4      | Reached XP level 5. HP: 42/42 MP: 5/5
  2733 | D:4      | Gained mutation: Your touch may inflict minor irresistible
                  | damage on your foes. [demonic ancestry]
  2733 | D:4      | Reached XP level 6. HP: 48/48 MP: 6/6
  2800 | D:4      | Found a shimmering blue altar of Sif Muna.
  3186 | D:4      | Gained mutation: Your touch may inflict irresistible damage
                  | on your foes. [demonic ancestry]
  3186 | D:4      | Reached XP level 7. HP: 54/54 MP: 7/7
  3312 | D:4      | Found a blossoming altar of Fedhas.
  3549 | D:5      | Entered Level 5 of the Dungeon
  3641 | D:5      | Found a burning altar of Makhleb.
  3786 | D:5      | Reached skill level 5 in Long Blades
  3791 | D:5      | Reached skill level 5 in Fighting
  3912 | D:5      | Noticed Duvessa
  3912 | D:5      | Noticed Dowan
  3920 | D:5      | Killed Dowan
  3921 | D:5      | Reached skill level 5 in Dodging
  3924 | D:5      | Slain by Duvessa

Illustrated notes

Levels and vault maps discovered:
D:1:      lightli_arrival_quake, layout_rooms,
          hellmonk_ecumenical_altar_watching_god, minmay_misc_feat_ornament,
          columned_hall_lemuel, hangedman_feature_mirror,
          minmay_misc_feat_plants, minmay_misc_feat_five,
          chequers_serial_rivers_room_b
D:2:      layout_basic
D:3:      layout_basic, lemuel_tele_altar
D:4:      layout_basic, led_sif_book, fedhas_altar_4, minmay_pentangle,
          uniq_grinder
D:5:      layout_loops_ring, mainiacjoe_overflow_concentric_impassable,
          mainiacjoe_overflow_catch_the_wave, roderic_roman_lattice,
          uniq_sigmund, uniq_duvessa

Skill      XL: |  1  2  3  4  5  6  7 |
---------------+----------------------+-----
Long Blades    | 3 4 5 |  5.0
Dodging        | 3 4 5 |  5.0
Fighting       | 3 4 5 |  5.0
Armour         | 2 3 |  3.5
Throwing       | |  1.7

Action                     |  1- 3 |  4- 6 |  7- 9 || total
---------------------------+-------+-------+-------++-------
  Melee: Long sword        |   129 |   114 |    66 ||   309
         Punch             |     2 |       |     1 ||     3
         Touch             |       |     6 |    14 ||    20
    Use: Scroll            |       |     1 |       ||     1
         Potion            |       |       |     3 ||     3
   Stab: Sleeping          |     2 |     3 |       ||     5
 Armour: Leather armour    |    72 |    42 |    47 ||   161
  Dodge: Dodged            |   111 |    68 |    54 ||   233
  Block: Other             |    23 |    19 |    19 ||    61
